 Dungeon Crawl Stone Soup version 0.19-a0-1532-g228a5d9 (webtiles) character file.

70 Alarkh the Slasher (level 4, -4/33 HPs)
             Began as a Mummy Skald on Sept 13, 2016.
             Slain by a hobgoblin
             ... wielding a +0 club
              (5 damage)
             ... on level 2 of the Dungeon.
             The game lasted 00:01:53 (863 turns).

Alarkh the Slasher (Mummy Skald)                     Turns: 863, Time: 00:01:54

Health: -4/33      AC:  4    Str: 15    XL:     4   Next: 4%
Magic:  5/7        EV: 11    Int: 12    God:
Gold:   52         SH:  0    Dex: 11    Spells: 1 memorised, 6 levels left

rFire  x . .     SeeInvis .     a - +0 falchion
rCold  + . .     Gourm    .     b - +0 leather armour
rNeg   + + +     Faith    .     (no shield)
rPois  ∞         Spirit   .     (no helmet)
rElec  .         Dismiss  .     d - +0 cloak
rCorr  .         Reflect  .     (no gloves)
MR     .....     Harm     .     (no boots)
Stlth  +.........               (no amulet)
                                (no ring)
                                (no ring)

@: infused
A: no food or potions, fire vulnerability, cold resistance 1, negative energy
resistance 3, torment resistance, unbreathing
a: no special abilities


You were on level 2 of the Dungeon.
You were not hungry.

You visited 1 branch of the dungeon, and saw 2 of its levels.

You collected 52 gold pieces.

Inventory:

Hand Weapons
 a - a +0 falchion (weapon)
 g - a +2 dagger of venom
Missiles
 f - 8 poisoned needles
Armour
 b - a +0 leather armour (worn)
 d - a +0 cloak (worn)
Wands
 h - a wand of iceblast (4/15)
Scrolls
 e - a scroll of identify {unknown}
Books
 c - a book of Battle

   Spells                             Type                      Level
   a - Infusion                       Charms                       1
   b - Shroud of Golubria             Charms/Translocation         2
   c - Song of Slaying                Charms                       2
   d - Spectral Weapon                Hexes/Charms                 3
   e - Regeneration                   Charms/Necromancy            3


   Skills:
 - Level 2.0 Fighting
 * Level 3.0 Long Blades
 - Level 0.7 Armour
 - Level 0.7 Dodging
 + Level 2.4 Spellcasting
 + Level 2.7 Charms


You had 6 spell levels left.
You knew the following spells:

 Your Spells              Type           Power        Failure   Level  Hunger
a - Infusion              Chrm           #...         12%         1    N/A

Dungeon Overview and Level Annotations

Branches:
Dungeon (2/15)

Altars:


Innate Abilities, Weirdness & Mutations

You do not eat or drink.
Your flesh is vulnerable to fire.
You are immune to poison.
Your flesh is cold resistant. (rC+)
You are immune to negative energy. (rN+++)
You are immune to unholy pain and torment.
You can survive without breathing.


Message History

The hobgoblin hits you but does no damage.
You closely miss the hobgoblin. The hobgoblin hits you with a club.
You closely miss the hobgoblin. The hobgoblin hits you with a club!
* * * LOW HITPOINT WARNING * * *
You closely miss the hobgoblin. The hobgoblin closely misses you.
You closely miss the hobgoblin. The hobgoblin hits you with a club.
* * * LOW HITPOINT WARNING * * *
Casting: Infusion
Confirm with . or Enter, or press ? or * to list all spells.
You begin infusing your attacks with magical energy.
The hobgoblin hits you with a club.
* * * LOW HITPOINT WARNING * * *
Unknown command.
You barely miss the hobgoblin.
The hobgoblin hits you but does no damage.
You barely miss the hobgoblin. The hobgoblin barely misses you.
You hit the hobgoblin.
The hobgoblin is moderately wounded.
The hobgoblin hits you with a club.
You die...

#...# #.# #.# #.#.###.# #.#
#.##...## #.# #.###### #.#
##### #.# #.# #... #.#
#######.###.## ###.###
#............######. ......#
#.#####............. ###.#.#
#.#####@g..........
#.#.####.......###....###
#.#...................###..#
#.######..########..........
#.............# #...####.##
########..###.####...#
#..÷..#.......#
##.###.####...# #.# #.#
#...#


You could see a hobgoblin.

Vanquished Creatures
  Ijyb (D:2)
  2 adders (D:2)
  An ooze (D:1)
  4 bats (D:1)
  2 goblins (D:1)
  3 hobgoblins
  A jackal (D:2)
  A quokka (D:2)
  A ball python (D:1)
  6 kobolds
  3 rats (D:1)
25 creatures vanquished.

Notes
Turn   | Place    | Note
-------+----------+-------------------------------------------
     0 | D:1      | Alarkh the Mummy Skald began the quest for the Orb.
     0 | D:1      | Reached XP level 1. HP: 16/16 MP: 3/3
   182 | D:1      | Reached skill level 2 in Long Blades
   182 | D:1      | Reached XP level 2. HP: 20/22 MP: 0/5
   711 | D:2      | Reached XP level 3. HP: 22/27 MP: 2/6
   728 | D:2      | Noticed Ijyb
   739 | D:2      | Killed Ijyb
   739 | D:2      | Reached skill level 3 in Long Blades
   747 | D:2      | Reached XP level 4. HP: 28/33 MP: 0/7
   860 | D:2      | HP: 1/33 [hobgoblin/club (4)]
   863 | D:2      | Slain by a hobgoblin

Vault maps used:
D:1:      saegor_arrival_miasma
D:2:      nicolae_overflow_hidden_temple, uniq_iyjb

Skill      XL: |  1  2  3 |
---------------+----------+-----
Long Blades    | 2 3 |  3.0
Fighting       | |  2.0
Armour         | |  0.7
Dodging        | |  0.7
Spellcasting   | |  2.4
Charms         | |  2.7

Action                   |  1- 3 |  4- 6 || total
-------------------------+-------+-------++-------
Melee: Falchion          |    72 |    10 ||    82
       Dagger            |     5 |     1 ||     6
 Cast: Infusion          |     8 |     1 ||     9
Armor: Leather armour    |    20 |     9 ||    29
Dodge: Dodged            |    52 |    13 ||    65
